 Dungeon Crawl Stone Soup version 0.19-a0-1834-g6b7851e (webtiles) character file.

954 4thArraOfDagon the Grappler (level 7, 59/59 HPs)
             Began as a Troll Necromancer on Oct 9, 2016.
             Quit the game on level 6 of the Dungeon.
             The game lasted 00:05:41 (1160 turns).

4thArraOfDagon the Grappler (Troll Necromancer)     Turns: 1160, Time: 00:05:41

Health: 59/59      AC:  7    Str: 17    XL:     7   Next: 90%
Magic:  7/7        EV: 10    Int: 13    God:
Gold:   66         SH:  0    Dex: 10    Spells: 2 memorised, 4 levels left

rFire  . . .     SeeInvis +       - Unarmed
rCold  . . .     Gourm    +     a - +0 robe
rNeg   + . .     Faith    .     (no shield)
rPois  .         Spirit   .     r - +1 hat {SInv}
rElec  .         Dismiss  .     g - +0 cloak (curse)
rCorr  .         Reflect  .     (gloves unavailable)
MR     .....     Harm     .     (boots unavailable)
Stlth  +.........               (no amulet)
                                (no ring)
                                f - ring of positive energy

@: no status effects
A: unfitting armour, claws 3, fast metabolism 3, gourmand, regeneration 1,
shaggy fur 1, tough skin 2
a: no special abilities


You were on level 6 of the Dungeon.
You were very full.

You visited 1 branch of the dungeon, and saw 7 of its levels.

You collected 66 gold pieces.

Inventory:

Armour
 a - a +0 robe (worn)
 g - a cursed +0 cloak (worn)
 r - a +1 hat of see invisible (worn)
Jewellery
 f - a ring of positive energy (left claw)
Wands
 n - a wand of iceblast (3/15)
Scrolls
 d - a scroll of remove curse {unknown}
 h - 2 scrolls of identify {unknown}
 j - 2 scrolls of enchant weapon {unknown}
Potions
 e - a potion of lignification {unknown}
 l - a potion of invisibility {unknown}
 m - a potion of flight {unknown}
 o - a potion of curing
Books
 b - a book of Necromancy

   Spells                             Type                      Level
   a - Pain                           Necromancy                   1
   b - Animate Skeleton               Necromancy                   1
   c - Vampiric Draining              Necromancy                   3
   d - Regeneration                   Charms/Necromancy            3
   e - Animate Dead                   Necromancy                   4
   f - Control Undead                 Necromancy                   4
 k - a book of Cantrips

   Spells                             Type                      Level
   a - Confusing Touch                Hexes                        1
   b - Animate Skeleton               Necromancy                   1
   c - Summon Small Mammal            Summoning                    1
   d - Apportation                    Translocation                1
Comestibles
 c - 4 bread rations
 i - 4 meat rations


   Skills:
 - Level 1.5 Dodging
 - Level 1.0 Stealth
 * Level 9.0 Unarmed Combat
 - Level 1.2 Spellcasting
 - Level 3.2 Necromancy


You had 4 spell levels left.
You knew the following spells:

 Your Spells              Type           Power        Failure   Level  Hunger
a - Pain                  Necr           #...         10%         1    ##.....
b - Regeneration          Chrm/Necr      #.........   52%         3    ####...


Dungeon Overview and Level Annotations

Branches:
Dungeon (7/15)
 Temple: D:4-7

Altars:
Hepliaklqana
Vehumet

Shops:
D:5 (

Annotations:
D:5 Pikel


Innate Abilities, Weirdness & Mutations

You are too large for most types of armour.
You have claws for hands.
Your metabolism is lightning-fast.
You like to eat raw meat.
Your natural rate of healing is unusually fast.
You are covered in fur. (AC +1)
You have very tough skin. (AC +2)


Message History

l - a green potion Unknown command.
Unknown command.
Unknown command.
Unknown command.
Unknown command.
Unknown command.
Unknown command.
Unknown command.
Unknown command.
Unknown command.
Unknown command.
Unknown command.
Unknown command.
Unknown command.
Unknown command.
Unknown command.
Unknown command.
Found a falchion.
Are you sure you want to abandon this character and quit the game? (Confirm with "yes".)

##### ###### ...#
###....#
#.#####......#
###.....#.#.#..#
........#......###
###.......#.#....#
###.....#.....##@##
........###.###...#
######### #)......#
# ###.#...# #.#####
#.# ##### #.#
###...#######.#
....#.......#.#


There were no monsters in sight!

Vanquished Creatures
  Sigmund (D:5)
  An orc warrior (D:7)
  2 ice beasts (D:6)
  An ogre (D:4)
  A bullfrog (D:6)
  2 scorpions (D:4)
  A crimson imp (D:6)
  A centaur zombie (D:6)
  A bullfrog skeleton (D:4)
  A gnoll shaman (D:6)
  A hound skeleton (D:4)
  5 gnolls (D:6)
  5 adders
  2 oozes
  A worm (D:4)
  2 dart slugs
  9 orcs
  A quokka (D:6)
  3 frilled lizards
  A kobold (D:2)
  A quokka skeleton (D:4)
  A quokka zombie (D:5)
44 creatures vanquished.

Notes
Turn   | Place    | Note
-------+----------+-------------------------------------------
     0 | D:1      | 4thArraOfDagon the Troll Necromancer began the quest for the Orb.
     0 | D:1      | Reached XP level 1. HP: 16/16 MP: 1/1
    27 | D:1      | Reached skill level 1 in Unarmed Combat
   240 | D:2      | Reached XP level 2. HP: 23/24 MP: 2/2
   288 | D:4      | Found a hazy altar of Hepliaklqana.
   289 | D:4      | Noticed a scorpion
   305 | D:4      | Reached skill level 2 in Unarmed Combat
   320 | D:4      | Reached XP level 3. HP: 31/31 MP: 3/3
   351 | D:4      | Reached skill level 3 in Unarmed Combat
   361 | D:4      | Learned a level 3 spell: Regeneration
   361 | D:4      | Noticed a scorpion
   370 | D:4      | Killed a scorpion
   370 | D:4      | Reached skill level 4 in Unarmed Combat
   370 | D:4      | Reached XP level 4. HP: 36/39 MP: 4/4
   381 | D:4      | Noticed an ogre
   397 | D:4      | Killed an ogre
   397 | D:4      | Reached skill level 5 in Unarmed Combat
   397 | D:4      | Reached XP level 5. HP: 3/45 MP: 5/5
   475 | D:5      | Entered Level 5 of the Dungeon
   488 | D:5      | Found a radiant altar of Vehumet.
   506 | D:5      | Found Romuysipt's Weapon Shoppe.
   543 | D:5      | Noticed a slave
   544 | D:5      | Noticed Pikel
   546 | D:5      | Noticed a slave
   546 | D:5      | Noticed a slave
   565 | D:5      | Noticed a slave
   565 | D:5      | Noticed an ice beast
   588 | D:5      | Noticed Sigmund
   597 | D:5      | Killed Sigmund
   597 | D:5      | Reached skill level 6 in Unarmed Combat
   597 | D:5      | Reached XP level 6. HP: 42/53 MP: 6/6
   668 | D:6      | Reached skill level 7 in Unarmed Combat
   674 | D:6      | Reached XP level 7. HP: 53/59 MP: 7/7
   823 | D:6      | Reached skill level 8 in Unarmed Combat
   979 | D:7      | Identified a scroll of acquirement
  1027 | D:7      | Reached skill level 9 in Unarmed Combat
  1160 | D:6      | Quit the game

Vault maps used:
D:1:      lightli_arrival_maybe_door_vault
D:2:      minmay_misc_feat_rows
D:3:      first_bread, grunt_ministairs_15
D:4:      minmay_ruined_shrine
D:5:      minitemple, kennysheep_little_box, serial_shops, nicolae_shop_crystal,
          uniq_pikel, uniq_sigmund, uniq_eustachio, uniq_prince_ribbit1,
          uniq_edmund
D:6:      serial_glass, glass_columns_a, glass_columns_a

Skill      XL: |  1  2  3  4  5  6  7 |
---------------+----------------------+-----
Unarmed Combat | 1 2 4 5 6 7 9 |  9.0
Dodging        | |  1.5
Stealth        | |  1.0
Spellcasting   | |  1.2
Necromancy     | |  3.2

Action                   |  1- 3 |  4- 6 |  7- 9 || total
-------------------------+-------+-------+-------++-------
Melee: Unarmed           |    47 |    30 |    99 ||   176
       Punch             |       |     4 |     2 ||     6
 Cast: Pain              |       |     2 |       ||     2
Evoke: Wand              |       |       |     2 ||     2
  Use: Potion            |       |     3 |       ||     3
       Scroll            |       |       |     5 ||     5
  Eat: Chunk             |     2 |     1 |    11 ||    14
Armor: Robe              |     8 |    22 |    21 ||    51
Dodge: Dodged            |    22 |    25 |    35 ||    82
